Map: 貝爾石遺跡 - 天梯版(虛空之遺)

Players

ViBE

  • Race: Zerg Zerg
  • League: Grandmaster
  • Spawn Location: 5:00

Has - Winner!

  • Race: Protoss Protoss
  • League: Grandmaster
  • Spawn Location: 11:00

VOD

http://www.ggtracker.com/matches/7041132

Description

This is a 9 Gate zelot rush vs a zerg player. Its ALL IN
From the player HAS.
Crisp Timing and not losing your prisms is essential
Enjoy

Time

  • Played on: April 20, 2017, 9:31 p.m.
  • Length: 7:30
Show
View Real Time Build Order
Export as new Build Order

ViBE Zerg 

Build Orders: Hatch First 

Get SALT Encoding   

  12  0:01  Drone  
  13  0:13  Overlord  
  13  0:18  Drone  
  14  0:31  Drone x2  
  17  0:35  Drone  
  17  0:52  Hatchery  
  16  0:57  Drone  
  17  1:12  Spawning Pool  
  17  1:13  Drone  
  17  1:17  Drone  
  18  1:18  Drone  
  19  1:37  Overlord  
  19  1:45  Drone  
  20  1:50  Extractor  
  20  1:52  Drone  
  20  2:00  Queen  
  22  2:02  Zergling x2  
  22  2:04  Queen  
  25  2:10  Drone  
  25  2:13  Drone  
  27  2:16  Drone  
  27  2:22  Drone  
  29  2:30  Drone  
  30  2:41  Drone x2  
  32  2:44  Drone  
  32  2:50  Drone, Metabolic Boost  
  34  3:00  Drone x2  
  34  3:02  Hatchery  
  35  3:08  Overlord  
  35  3:26  Overlord  
  35  3:31  Roach Warren  
  35  3:32  Lair, Overlord  
  34  3:34  Overlord  
  34  3:42  Drone x2  
  34  3:44  Drone x4  
  40  3:55  Extractor  
  39  3:56  Drone, Extractor  
  39  3:57  Drone  
  40  4:03  Drone x2  
  40  4:04  Drone x4  
  40  4:05  Queen  
  48  4:14  Overlord  
  48  4:23  Drone x3  
  51  4:30  Glial Reconstitution  
  51  4:31  Drone x4  
  51  4:32  Drone x4  
  51  4:34  Queen  
  51  4:35  Overlord  
  61  4:40  Overseer  
  61  4:42  Overlord  
  61  4:43  Roach  
  63  4:51  Roach x2  
  67  4:59  Roach x6  
  79  5:05  Roach  
  79  5:06  Roach x2  
  85  5:11  Roach  
  85  5:12  Roach  
  90  5:21  Roach  
  82  5:41  Roach x3  
  82  5:42  Roach x5  
  88  5:52  Roach  
  86  6:16  Overlord x3  
  84  6:34  Queen x2, Overlord x2  
  90  6:40  Roach x4  
  90  6:45  Hatchery  
  90  6:46  Baneling Nest  
  94  6:51  Roach x2  
  92  7:06  Roach x3  
  92  7:07  Roach x2  
Show
View Real Time Build Order
Export as new Build Order

Has Protoss - Winner!

Build Orders: 1 Gate Expand 

Get SALT Encoding   

  12  0:02  Probe (Chrono Boost)  
  13  0:13  Probe (Chrono Boost)  
  14  0:21  Pylon  
  14  0:23  Probe (Chrono Boost)  
  15  0:39  Probe (Chrono Boost)  
  15  0:40  Gateway  
  16  0:49  Assimilator  
  17  0:50  Probe (Chrono Boost)  
  17  1:00  Probe (Chrono Boost)  
  18  1:11  Probe (Chrono Boost)  
  19  1:23  Nexus  
  19  1:32  Cybernetics Core  
  19  1:35  Probe (Chrono Boost)  
  20  1:41  Assimilator  
  20  1:46  Probe (Chrono Boost)  
  21  1:56  Probe (Chrono Boost), Pylon  
  22  2:08  Probe (Chrono Boost)  
  23  2:09  Warp Gate  
  23  2:10  Stalker  
  25  2:20  Probe (Chrono Boost)  
  26  2:26  Twilight Council  
  26  2:32  Probe (Chrono Boost)  
  26  2:35  Probe (Chrono Boost)  
  28  2:44  Robotics Facility  
  28  2:47  Probe (Chrono Boost)  
  28  2:48  Probe (Chrono Boost)  
  30  2:57  Probe (Chrono Boost)  
  31  3:00  Probe (Chrono Boost)  
  32  3:08  Probe (Chrono Boost)  
  34  3:12  Probe (Chrono Boost)  
  34  3:18  Probe (Chrono Boost)  
  35  3:23  Charge  
  35  3:24  Probe (Chrono Boost)  
  35  3:26  Gateway  
  35  3:27  Gateway x2  
  36  3:30  Gateway  
  36  3:42  Gateway  
  36  3:47  Gateway  
  36  3:51  Gateway  
  36  3:55  Gateway  
  36  3:57  Warp Prism  
  38  4:10  Pylon  
  38  4:12  Pylon  
  38  4:23  Zealot x2  
  38  4:24  Zealot x2  
  46  4:28  Warp Prism  
  46  4:30  Pylon  
  48  4:52  Zealot x3  
  52  4:53  Zealot x4  
  52  4:55  Zealot  
  64  5:20  Zealot x3  
  70  5:24  Pylon  
  70  5:25  Pylon  
  70  5:26  Pylon  
  66  5:29  Zealot x2  
  66  5:36  Zealot x2  
  68  5:43  Zealot x2  
  68  5:44  Zealot x4  
  68  5:48  Pylon  
  80  5:57  Zealot x3  
  80  6:01  Pylon  
  80  6:03  Pylon  
  86  6:07  Zealot x3  
  90  6:30  Zealot x4  
  90  6:31  Zealot x3  
  104  6:48  Zealot x2  
  104  7:03  Zealot x6  
  104  7:04  Zealot  
  110  7:24  Zealot x4  
  110  7:25  Zealot  
  116  7:28  Zealot  
Tags
 
Add a new tag
Caveats
  • Supply blocks, unpowered buildings, or Contaminate may cause inaccurate times.
  • Supply counts are checked every 10 seconds.